 Dungeon Crawl Stone Soup version 0.19.1 (webtiles) character file.

30 Host24 the Grave Robber (level 3, 0/20 HPs)
             Began as a Kobold Necromancer on Dec 23, 2016.
             Slain by an adder (2 damage)
             ... on level 2 of the Dungeon.
             The game lasted 00:02:40 (959 turns).

Host24 the Grave Robber (Kobold Necromancer)         Turns: 959, Time: 00:02:41

Health: 0/20       AC:  3    Str:  5    XL:     3   Next: 35%
Magic:  1/6        EV: 16    Int: 17    God:
Gold:   39         SH:  0    Dex: 15    Spells: 2 memorised, 6 levels left

rFire  . . .     SeeInvis .     d - +1 dagger (venom)
rCold  . . .     Gourm    .     a - +0 robe
rNeg   . . .     Faith    +     (shield restricted)
rPois  .         Spirit   .     (no helmet)
rElec  .         Reflect  .     (no cloak)
rCorr  .         Harm     .     (no gloves)
MR     .....                    (no boots)
Stlth  ++........               l - amulet of faith
                                (no ring)
                                (no ring)

@: lethally poisoned (0 -> -5)
A: rugged brown scales 1, carnivore 3, low mp 1
a: no special abilities


You were on level 2 of the Dungeon.
You were very full.

You visited 1 branch of the dungeon, and saw 2 of its levels.

You collected 39 gold pieces.

Inventory:

Hand Weapons
 d - a +1 dagger of venom (weapon)
 h - a cursed -2 dagger
 n - a +0 spear
Missiles
 e - 71 stones (quivered)
 i - 7 arrows
 m - 20 sling bullets
Armour
 a - a +0 robe (worn)
Jewellery
 l - an amulet of faith (around neck)
Scrolls
 g - 2 scrolls of magic mapping
 k - a scroll of random uselessness {unknown}
Books
 b - a book of Necromancy

   Spells                             Type                      Level
   a - Pain                           Necromancy                   1
   b - Animate Skeleton               Necromancy                   1
   c - Vampiric Draining              Necromancy                   3
   d - Regeneration                   Charms/Necromancy            3
   e - Animate Dead                   Necromancy                   4
   f - Control Undead                 Necromancy                   4
Comestibles
 c - 2 meat rations


   Skills:
 + Level 1.2 Fighting
 - Level 3.0 Dodging
 - Level 2.6 Stealth
 - Level 3.0 Spellcasting
 - Level 4.0 Necromancy


You had 6 spell levels left.
You knew the following spells:

 Your Spells              Type           Power        Failure   Level  Hunger
a - Pain                  Necr           ###.         3%          1    None
b - Animate Skeleton      Necr           N/A          3%          1    None


Dungeon Overview and Level Annotations

Branches:
Dungeon (2/15)

Altars:


Innate Abilities, Weirdness & Mutations

You are small and have problems with some larger weapons.
You are carnivorous and can eat meat at any time.
You are partially covered in rugged brown scales. (AC +1, +3% HP)
Your magical capacity is low. (-10% MP)


Message History

The adder bites you.
* * * LOW HITPOINT WARNING * * *
The adder bites you.
* * * LOW HITPOINT WARNING * * *
You are lethally poisoned!
The adder poisons you!
You miss the adder.
The adder is lightly wounded.
* * * LOW HITPOINT WARNING * * *
You feel sick. The adder closely misses you.
As you read the scroll labeled FAMEPH DURUOR, it crumbles to dust.
You hear a loud clanging noise!
It was a scroll of noise.
You hear a shout!
You hear an angry hiss.
The adder closely misses you.
It was a potion of mutation.
You feel extremely strange.
You feel less energetic.
Rugged brown scales grow over part of your body.
The adder completely misses you. The adder bites you.
You die...

# ### ###. ..##....
# #.#..###
###..######..>...#.
.......@S..........
###.######.....?...
#.........
#.........
#.........
..........
.........S#
##.........
#.!.......


You could see an adder.

Vanquished Creatures
  An adder (D:2)
  A dart slug (D:1)
  2 giant cockroaches (D:1)
  4 hobgoblins (D:1)
  A ball python (D:1)
  A bat (D:1)
  2 frilled lizards (D:1)
  4 kobolds (D:1)
  4 rats (D:1)
20 creatures vanquished.

Vanquished Creatures (collateral kills)
  A rat (D:1)
1 creature vanquished.

Grand Total: 21 creatures vanquished

Notes
Turn   | Place    | Note
-------+----------+-------------------------------------------
     0 | D:1      | Host24 the Kobold Necromancer began the quest for the Orb.
     0 | D:1      | Reached XP level 1. HP: 10/10 MP: 3/3
     2 | D:1      | Learned a level 1 spell: Animate Skeleton
   202 | D:1      | Reached XP level 2. HP: 9/15 MP: 5/5
   760 | D:1      | Reached XP level 3. HP: 18/19 MP: 4/7
   952 | D:2      | Reached skill level 1 in Fighting
   959 | D:2      | Gained mutation: Your magical capacity is low. (-10% MP) [potion of mutation]
   959 | D:2      | Gained mutation: You are partially covered in rugged brown scales. (AC +1, +3% HP) [potion of mutation]
   959 | D:2      | Slain by an adder

Skill      XL: |  1  2  3 |
---------------+----------+-----
Spellcasting   | 3 |  3.0
Dodging        | 3 |  3.0
Fighting       | 1 |  1.2
Stealth        | |  2.6
Necromancy     | |  4.0

Action                   || total
-------------------------++-------
Melee: Dagger            ||    16
 Cast: Pain              ||    25
       Animate Skeleton  ||     7
  Use: Scroll            ||     3
       Potion            ||     1
 Stab: Sleeping          ||     2
  Eat: Chunk             ||     8
Armor: Robe              ||     2
Dodge: Dodged            ||    18
